Map: Dämmertürme

Players

Perniciator

  • Race: Terran Terran
  • League: Bronze

teoden - Winner!

  • Race: Zerg Zerg
  • League: Silver

VOD

Have the link to the VOD?

Description

Time

  • Played on: Nov. 15, 2015, 7:22 a.m.
  • Length: 8:21
Show
View Real Time Build Order
Export as new Build Order

Perniciator Terran 

Build Orders:  

Get SALT Encoding   

  12  0:00  SCV  
  13  0:13  SCV  
  14  0:22  Supply Depot  
  14  0:25  SCV  
  15  0:43  SCV  
  15  0:46  Barracks  
  16  0:58  SCV  
  16  0:59  Supply Depot  
  17  1:10  SCV  
  18  1:22  SCV  
  19  1:31  Command Center  
  19  1:34  Marine  
  20  1:41  Orbital Command  
  20  1:52  Supply Depot  
  20  1:55  Marine  
  21  2:13  Marine  
  21  2:14  Barracks  
  21  2:15  Barracks  
  22  2:22  SCV  
  23  2:33  Marine  
  23  2:34  SCV  
  25  2:40  Barracks  
  25  2:42  Orbital Command  
  25  2:51  Supply Depot  
  24  2:52  Marine  
  24  2:54  SCV  
  26  3:01  Marine  
  26  3:02  Marine  
  28  3:06  SCV  
  29  3:12  Barracks  
  29  3:15  Orbital Command  
  29  3:17  Marine  
  29  3:19  SCV, Marine  
  32  3:23  Marine  
  33  3:31  SCV, Marine  
  35  3:43  SCV  
  35  3:45  Barracks x2, Marine  
  35  3:46  Marine  
  38  4:08  SCV x2  
  38  4:09  Marine x5  
  42  4:20  SCV x2  
  44  4:30  Command Center  
  44  4:32  SCV x2  
  46  4:43  Marine  
  46  4:44  Marine x6  
  53  4:51  Supply Depot  
  53  4:52  Supply Depot x2  
  53  5:01  Marine x2  
  53  5:02  Marine  
  53  5:03  Marine x4  
  60  5:07  Command Center  
  60  5:12  SCV x2  
  62  5:19  Marine  
  59  5:23  Barracks  
  59  5:24  SCV x2  
  59  5:25  Marine x6  
  58  5:36  SCV x2  
  58  5:37  Marine  
  61  5:43  Marine x3  
  61  5:45  Supply Depot, Marine  
  61  5:46  Supply Depot, Marine  
  66  5:51  Orbital Command  
  66  6:03  SCV x2  
  66  6:04  Marine x5  
  72  6:11  Supply Depot, Marine  
  72  6:12  Marine  
  72  6:15  SCV x2  
  76  6:20  Orbital Command  
  76  6:21  Marine, Orbital Command  
  76  6:22  Marine x2  
  79  6:27  SCV x2  
  81  6:40  SCV x2  
  81  6:41  Marine  
  81  6:42  Marine x6  
  90  6:52  SCV x2  
  89  6:59  Marine  
  89  7:00  Marine x3  
  92  7:05  Marine x3  
  92  7:06  Orbital Command  
  92  7:07  SCV x2  
  92  7:08  SCV  
  74  7:17  Marine  
  74  7:18  Marine  
  74  7:19  SCV  
  74  7:20  SCV x2  
  76  7:23  Barracks x2  
  76  7:24  Marine  
  76  7:25  Barracks, Marine x2  
  76  7:26  Marine x3  
  76  7:28  Barracks  
  74  7:33  Barracks  
  74  7:34  Barracks  
  74  7:35  Marine x2  
  69  7:40  SCV  
  69  7:41  Marine  
  69  7:42  SCV x2  
  69  7:43  Marine x5  
  73  7:52  SCV  
  73  7:53  Marine x2  
  67  7:59  Marine  
  67  8:01  Marine x3  
Show
View Real Time Build Order
Export as new Build Order

teoden Zerg - Winner!

Build Orders: 3 Hatch before Pool 

Get SALT Encoding   

  12  0:01  Drone  
  13  0:13  Overlord  
  13  0:18  Drone  
  14  0:32  Drone x2  
  16  0:35  Drone  
  17  0:58  Hatchery  
  17  1:00  Drone  
  17  1:01  Drone  
  18  1:23  Hatchery  
  17  1:34  Spawning Pool  
  17  1:36  Extractor  
  17  1:37  Drone  
  16  1:40  Drone  
  16  1:43  Drone  
  18  1:51  Overlord  
  18  2:20  Queen  
  18  2:22  Queen  
  20  2:25  Zergling x4  
  24  2:35  Queen  
  26  2:37  Drone  
  26  2:38  Drone  
  28  2:47  Metabolic Boost  
  28  2:53  Spore Crawler  
  28  2:55  Drone x2  
  29  3:04  Drone x2  
  31  3:14  Roach Warren  
  31  3:20  Drone  
  31  3:22  Drone  
  31  3:24  Overlord  
  32  3:28  Zergling x2  
  32  3:33  Zergling x4  
  34  3:45  Baneling Nest  
  33  3:49  Extractor  
  33  3:50  Extractor, Zergling x8  
  33  3:55  Drone  
  35  4:05  Roach x2  
  35  4:06  Roach  
  41  4:27  Roach x2  
  41  4:28  Roach x2  
  41  4:31  Overlord  
  48  4:36  Zergling x2  
  49  4:40  Overlord  
  49  4:51  Roach  
  51  4:53  Overlord  
  51  4:59  Roach  
  53  5:12  Zergling x6  
  56  5:18  Roach  
  56  5:19  Zergling x2  
  56  5:24  Zergling x2  
  56  5:26  Drone  
  56  5:28  Zergling x2  
  56  5:34  Zergling x2  
  58  5:38  Drone  
  58  5:39  Drone  
  58  5:42  Baneling x2  
  60  5:43  Baneling  
  60  5:52  Baneling x6  
  60  5:55  Drone  
  61  5:58  Drone  
  61  6:01  Drone  
  63  6:04  Drone  
  63  6:07  Drone  
  65  6:16  Lair  
  65  6:18  Drone  
  65  6:33  Overlord x2  
  65  6:35  Zergling x2  
  65  6:43  Zergling x2  
  65  6:47  Baneling x6  
  65  6:48  Baneling x7  
  63  6:56  Zergling x2  
  63  6:57  Zergling x6  
  60  7:11  Roach x5  
  60  7:12  Zergling x2  
  64  7:26  Zergling x8  
  64  7:27  Zergling x6  
  70  7:36  Drone x4  
  74  7:37  Drone  
  75  7:54  Evolution Chamber, Drone x2  
  73  8:00  Zergling x6  
Tags
 
Add a new tag
Caveats
  • Supply blocks, unpowered buildings, or Contaminate may cause inaccurate times.
  • Supply counts are checked every 10 seconds.